cohdb
Replays
Latest Replays
All Replays
Popular Replays
Top Player Replays
Match Explorer
How It Works
Community
CoH3 Stats
Reddit
Sign in to upload your games and track your stats! →
Sign in with Steam
Match 42736591
Unlisted
Match 42736591
Overview
Messages
Build Orders
End
Panzergrenadier Squad
Panzerpioneer Squad
250 Light Carrier
Construct Light Support Kompanie
MG34 Team
Selects Armored Support Battlegroup
Combat Half-tracks
Selects Veteran Gunners
Fire Support Elements
MG34 Team
Selects Salvage Kits
Flakvierling Half-track
Vehicle Survival Package
Panzerjäger Mechanized Group
Flakvierling Half-track
Construct Panzerarmee Kommand
Emergency Repair Kits
Selects Flammpanzer III Medium Tank
Pak 38 Anti-tank Gun Team
Walking Stuka Rocket Launcher
Rapid Advance
Panzer III L Medium Tank
Tungsten Core Ammunition
Selects Panzer Storm
Panzer III L Medium Tank
Panzer III L Medium Tank
Panzerpioneer Squad
Selects Command Panzer IV F Medium Tank
Panzer III L Medium Tank
Panzer III L Medium Tank
Selects Stuka Anti-tank Loiter
Dave
Contact Mike
tommyfoxy
BOOTSA
0
0
Comments
sign in to comment!
No comments posted yet!